 Dungeon Crawl Stone Soup version 0.31-a0-564-g3b7de120b3 (webtiles) character file.

Game seed: 15997503677775139015

6775 lunkers the Martial Artist (level 11, -9/91 HPs)
             Began as a Meteoran Shapeshifter on Aug 17, 2023.
             Was a High Priest of Okawaru.
             Mangled by a yak (11 damage)
             ... on level 10 of the Dungeon.
             The game lasted 00:12:01 (4433 turns).

lunkers the Martial Artist (Meteoran Shapeshifter)  Turns: 4433, Time: 00:12:01

Health: -9/91      AC: 11    Str: 18    XL:     11   Next: 48%
Magic:  14/15      EV: 16    Int: 10    God:    Okawaru [*****.]
Gold:   488        SH:  0    Dex: 18    Spells: 10/10 levels left

rFire   . .          .
                       - Unarmed
rCold   . . .        (no shield)
rNeg    + . .        a - +4 scale mail
rPois   .            (helmet currently unavailable)
rElec   .            (cloak currently unavailable)
rCorr   .            (gloves currently unavailable)
SInv    .            (boots currently unavailable)
Will    +....        g - amulet of regeneration
Stlth   +            f - ring of positive energy
HPRegen 0.35/turn    q - +4 ring of slaying
MPRegen 0.14/turn

%: no passive effects
@: mighty, beast-form, heroic, glowing
A: beast (slay +4), sense surroundings 2, otherworldly, glowing, explore regen
a: Begin Untransformation, Renounce Religion, Heroism, Finesse, Duel


You were on level 10 of the Dungeon.
You worshipped Okawaru.
Okawaru was extremely pleased with you.
You were a hulking beast.
You visited 1 branch of the dungeon, and saw 10 of its levels.
You also visited: Sewer.

You collected 488 gold pieces.

Inventory:

Missiles
 F - a silver javelin
Armour
 a - a +4 scale mail (worn)
 w - a +0 helmet
 C - a +0 pair of gloves
 G - a +0 troll leather armour
Jewellery
 f - a ring of positive energy (left hand)
 g - an amulet of regeneration (around neck)
 q - a +4 ring of slaying (right hand)
 x - an amulet of magic regeneration
 D - a ring of see invisible
Talismans
 c - a beast talisman (active)
 d - a flux talisman
Wands
 y - a wand of digging (5)
 z - a wand of paralysis (12)
Scrolls
 e - 6 scrolls of teleportation
 i - 2 scrolls of fog
 l - 2 scrolls of revelation
 m - 2 scrolls of amnesia
 p - 2 scrolls of blinking
 B - a scroll of vulnerability
Potions
 b - a potion of haste {unknown}
 h - a potion of lignification
 j - 5 potions of heal wounds
 k - a potion of brilliance {unknown}
 n - 2 potions of berserk rage {unknown}
 o - 2 potions of cancellation
 r - 3 potions of might
 s - a potion of attraction {unknown}
 t - a potion of degeneration {unknown}
 u - 2 potions of magic
 v - 2 potions of invisibility {unknown}
 A - a potion of resistance {unknown}
 E - 2 potions of enlightenment {unknown}


   Skills:
 + Level 6.8(11.8) Fighting
 + Level 7.0(12.0) Dodging
 * Level 13.6(18.6) Unarmed Combat
 - Level 4.0 Invocations
 + Level 8.8 Shapeshifting


You had 10 spell levels left.
You didn't know any spells.
Your spell library contained the following spells:

 Spells                   Type           Power      Damage    Failure   Level
 Magic Dart               Conj           0%         1d3       75%         1
 Sandblast                Erth           0%         2d4       75%         1
 Ensorcelled Hibernation  Hex/Ice        0%         N/A       86%         2
 Passwall                 Tmut/Erth      0%         N/A       86%         2
 Searing Ray              Conj           0%         2d4       86%         2
 Wereblood                Tmut           0%         N/A       86%         2
 Dazzling Flash           Conj/Hex       0%         N/A       98%         3
 Mephitic Cloud           Conj/Pois/Air  0%         N/A       98%         3
 Stone Arrow              Conj/Erth      0%         3d7       98%         3
 Swiftness                Air            0%         N/A       98%         3
 Volatile Blastmotes      Fire/Tloc      0%         2d10      98%         3
 Cause Fear               Hex            0%         N/A       100%        4
 Fulminant Prism          Conj/Hex       0%         3d5       100%        4
 Fireball                 Conj/Fire      0%         3d3       100%        5
 Irradiate                Conj/Tmut      0%         3d11      100%        5
 Starburst                Conj/Fire      0%         6d3       100%        6
 Maxwell's Capacitive Co  Air            0%         ∞         100%        8
 Call Imp                 Summ           Unusable   N/A       N/A         2
 Dragon's Call            Summ           Unusable   N/A       N/A         9

Dungeon Overview and Level Annotations

Branches:
Dungeon (10/15) Zot: 1935  Temple (0/1) D:7            Lair (0/5) D:10
  Sewer (visited)
    Orc: D:9-12

Altars:
Fedhas
Makhleb
Okawaru
Qazlal
Trog
Yredelemnul
Zin

Shops:
D:2 (   D:5 (


Innate Abilities, Weirdness & Mutations

You are a hulking beast.
Your limbs bulge with bestial killing power. (Slay +4)
You passively map the area around you.
You are easily found by Zot.
You glow in the dark.
You regain HP and MP as you explore.


Message History

Your Dodging skill increases to level 7!
You feel very mighty all of a sudden. The yak gores you but does no damage.
The yak gores you!
* * * LOW HITPOINT WARNING * * *
The yak gores you.
* * * LOW HITPOINT WARNING * * *
Unknown command.
You gain the combat prowess of a mighty hero.
The yak gores you.
* * * LOW HITPOINT WARNING * * *
The yak completely misses you. The yak barely misses you.
The yak gores you but does no damage.
Unknown command.
The yak attacks as you move away! The yak gores you!
* * * LOW HITPOINT WARNING * * *
The yak attacks as you move away! The yak gores you but does no damage.
The yak attacks as you move away! The yak gores you.
* * * LOW HITPOINT WARNING * * *
Unknown command.
The yak attacks as you move away! The yak gores you but does no damage.
There is a stone staircase leading up here.
The yak attacks as you move away! The yak gores you.
* * * LOW HITPOINT WARNING * * *
Found a glowing silver altar of Zin.
The yak attacks as you move away! The yak misses you.
You pummel the yak!! You punch the yak!
The yak is almost dead.
The yak gores you!
* * * LOW HITPOINT WARNING * * *
You punch the yak!
You kill the yak!
Okawaru accepts your kill.
Aiming: Paralyse
Press: ? - help, Shift-Dir - straight line, f - yak
Aim: a yak (chance to affect: 49%)
The yak resists with some effort.
You pummel the yak!!
The yak is almost dead.
The yak gores you!
You die...

* , , ,.. ..###.# ##.. * ...#.
,.....,...#.###..P # *
.....#,...$.., #<[...#.P. .. **
...##. ....#.#####.##.... ,... ,
...... ............#....
##..####./_..####..####.......(.
......... .....................
......†.#####.#####.......(.....
,
#..........YYYh..#......>..#..P
#..........#.###.#.........#...
*
#####........###...........##..
* *#####....##............#*#. *
#....##.).##......... . , ,,
.####....#)....#.#..#..)., ,
..............#.#.#..###..
,,$.#.............#!####* ,
,...........)...##.# *,


You could see 3 yaks.

Vanquished Creatures
  A death yak (D:10)
  An elephant (D:10)
  A kobold demonologist (D:10)
  2 trolls (D:10)
  Grinder (D:3)
  A vampire (D:9)
  10 yaks
  A basilisk (D:10)
  2 steam dragons
  Menkaure (D:7)
  2 water moccasins
  A black bear (D:10)
  3 orc warriors
  An ice beast (D:6)
  A sky beast (D:7)
  2 centaurs
  An ogre (D:5)
  2 phantoms (D:5)
  A kobold brigand (D:6)
  4 bullfrogs
  A scorpion (D:5)
  3 killer bees (D:9)
  4 howler monkeys
  7 hounds
  5 jellies
  4 orc priests
  A sleepcap (D:7)
  An iguana (D:6)
  9 orc wizards
  15 adders
  6 river rats
  A shadow imp (D:6)
  2 white imps
  3 ufetubi
  7 worms
  A dart slug (D:1)
  25 orcs
  4 bats
  8 endoplasms
  4 giant cockroaches
  6 goblins
  5 hobgoblins
  A quokka (D:1)
  27 ball pythons
  5 frilled lizards
  11 kobolds
  24 rats
229 creatures vanquished.

Notes
Turn   | Place    | Note
-------+----------+-------------------------------------------
     0 | D:1      | lunkers the Meteoran Shapeshifter began the quest for the
                  | Orb.
     0 | D:1      | Reached XP level 1. HP: 16/16 MP: 2/2
    72 | D:1      | Reached XP level 2. HP: 19/23 MP: 3/3
    75 | D:1      | Reached skill level 4 in Unarmed Combat
   190 | D:1      | Reached XP level 3. HP: 27/28 MP: 4/4
   494 | D:2      | Reached skill level 5 in Unarmed Combat
   494 | D:2      | Reached XP level 4. HP: 33/35 MP: 5/5
   529 | D:2      | You fall into a shaft and drop 2 floors!
   596 | D:3      | Reached XP level 5. HP: 14/40 MP: 6/6
   779 | D:2      | Found Awocsor's Antique Weapon Shoppe.
   869 | D:3      | Noticed Grinder
   885 | D:3      | Killed Grinder
   886 | D:3      | Reached skill level 7 in Unarmed Combat
   886 | D:3      | Reached skill level 5 in Shapeshifting
   886 | D:3      | Reached XP level 6. HP: 34/47 MP: 7/7
   886 | D:3      | Reached XP level 7. HP: 38/52 MP: 8/8
   944 | D:3      | Found an iron altar of Okawaru.
   955 | D:3      | Became a worshipper of Warmaster Okawaru
  1311 | D:4      | Reached skill level 8 in Unarmed Combat
  1553 | D:4      | Reached * piety under Okawaru
  1683 | D:4      | Reached XP level 8. HP: 57/59 MP: 9/9
  1727 | D:5      | Entered Level 5 of the Dungeon
  1875 | D:5      | Reached skill level 9 in Unarmed Combat
  1878 | D:5      | Found a glowing drain.
  1899 | Sewer    | Entered a sewer
  2091 | Sewer    | Reached skill level 1 in Invocations
  2150 | Sewer    | Reached ** piety under Okawaru
  2253 | D:5      | Found Etenociq's Antique Weapon Shop.
  2322 | D:5      | Gained mutation: You passively map the area around you.
                  | [Meteoran growth]
  2322 | D:5      | Reached XP level 9. HP: 67/67 MP: 11/11
  2381 | D:6      | Reached skill level 10 in Unarmed Combat
  2981 | D:7      | Reached *** piety under Okawaru
  2996 | D:7      | Noticed Menkaure
  3008 | D:7      | Killed Menkaure
  3009 | D:7      | Reached skill level 11 in Unarmed Combat
  3021 | D:7      | Reached XP level 10. HP: 44/78 MP: 14/14
  3028 | D:7      | Identified the +1 plate armour of Wu Jian's Envy {rPois
                  | Will++}
  3063 | D:7      | Found a staircase to the Ecumenical Temple.
  3562 | D:8      | Reached **** piety under Okawaru
  3563 | D:8      | Reached skill level 5 in Dodging
  3634 | D:8      | Reached skill level 5 in Fighting
  3690 | D:8      | Reached skill level 12 in Unarmed Combat
  3968 | D:9      | Found a blossoming altar of Fedhas.
  4051 | D:9      | Found a basalt altar of Yredelemnul.
  4052 | D:9      | Found a burning altar of Makhleb.
  4052 | D:9      | Found a stormy altar of Qazlal.
  4161 | D:9      | Found a bloodstained altar of Trog.
  4238 | D:9      | Received a gift from Okawaru
  4285 | D:10     | Entered Level 10 of the Dungeon
  4287 | D:10     | Noticed an elephant
  4287 | D:10     | Noticed a death yak
  4299 | D:10     | Killed a death yak
  4299 | D:10     | Reached ***** piety under Okawaru
  4300 | D:10     | Reached XP level 11. HP: 73/89 MP: 15/15
  4317 | D:10     | Killed an elephant
  4318 | D:10     | Reached skill level 13 in Unarmed Combat
  4327 | D:10     | Found a staircase to the Lair.
  4427 | D:10     | HP: 2/91 [yak (6)]
  4428 | D:10     | Found a glowing silver altar of Zin.
  4433 | D:10     | Mangled by a yak

Illustrated notes

Levels and vault maps discovered:
D:1:      eino_arrival_tree_alley, layout_loops_ring,
          shapermc_ecumenical_altar_petra
D:2:      layout_rooms, serial_shops, nicolae_shop_real_fake_doors,
          minmay_diced_spiral
D:3:      layout_rooms, lemuel_round_altar, uniq_grinder
D:4:      layout_loops_corners, minmay_surrounded
D:5:      layout_gridville, serial_bayou, serial_bayou_pond_b,
          serial_bayou_pond_a, serial_bayou_ford_a, serial_bayou_pond_b,
          serial_shops, nicolae_shop_dealshenge, portal_sewer_entry_b
D:6:      layout_layer_cave
D:7:      layout_cave_pools, minmay_temple_entry_statues, serial_column_ruins,
          column_ruins_courtyard_long, column_ruins_square_large,
          column_ruins_columns_straight, column_ruins_columns_water,
          column_ruins_corridor_corner, column_ruins_corridor_straight,
          uniq_menkaure
D:8:      layout_gridville, nicolae_titane
D:9:      layout_long_grid, nicolae_overflow_quartered_altars,
          lemuel_coloured_pillars_altar, mainiacjoe_overflow_catwalk,
          chequers_serial_rivers_large_a
D:10:     minmay_general_purpose_star, layout_rooms,
          mainiacjoe_overflow_boulevard, david_lair_generic, enter_bailey_2,
          minmay_stone_trees_small, nicolae_shop_firing_range

Skill      XL: |  1  2  3  4  5  6  7  8  9 10 11 |
---------------+----------------------------------+-----
Unarmed Combat | 4 5 7 8 9 11 12 13 | 13.6
Shapeshifting  | 4 5 6 7 8 |  8.8
Invocations    | 2 4 |  4.0
Fighting       | 2 4 5 6 |  6.8
Dodging        | 4 6 7 |  7.0

Action                     |  1- 3 |  4- 6 |  7- 9 | 10-12 || total
---------------------------+-------+-------+-------+-------++-------
  Melee: Unarmed           |    55 |    89 |   332 |   161 ||   637
         Punch             |     1 |     1 |    12 |    16 ||    30
 Invoke: Heroism           |       |       |     1 |     2 ||     3
  Evoke: Wand              |       |       |       |     2 ||     2
    Use: Potion            |       |       |     1 |     2 ||     3
         Scroll            |       |       |    11 |     2 ||    13
 Armour: Animal skin       |     5 |       |       |       ||     5
         Scale mail        |     8 |    33 |   207 |    85 ||   333
         Skin              |       |       |     7 |       ||     7
  Dodge: Dodged            |    33 |    37 |   215 |   114 ||   399

Table legend: (Time is in decaauts)
 A = Elapsed time spent in this place.
 B = Non-inter-level travel time spent in this place.
 C = Inter-level travel time spent in this place.
 D = Time resting spent in this place.
 E = Time spent auto-exploring this place.
 F = Levels seen in this place.
 G = Mean time per level.
                   A        B        C        D        E       F      G
               +--------+--------+--------+--------+--------+-----+--------+
         Total |   4366 |   4215 |    151 |      2 |   2639 |  11 |  396.9 |
       Dungeon |   4063 |   3912 |    151 |      2 |   2528 |  10 |  406.3 |
         Sewer |    302 |    302 |      0 |      0 |    111 |   1 |  302.0 |
               +--------+--------+--------+--------+--------+-----+--------+

Top non-repeatable levels by time:
     D:4: 624 daAuts
     D:6: 583 daAuts
     D:1: 449 daAuts
     D:8: 447 daAuts
     D:9: 436 daAuts
     D:7: 412 daAuts
     D:3: 381 daAuts
     D:5: 349 daAuts
   Sewer: 302 daAuts
     D:2: 244 daAuts
    D:10: 134 daAuts
